 Dungeon Crawl Stone Soup version 0.19-a0-1238-gee6bd96 (webtiles) character file.

178 TheGoonsmith the Firebug (level 5, -2/28 HPs)
             Began as a Gargoyle Fire Elementalist on Aug 26, 2016.
             Slain by an ogre
             ... wielding a +0 giant spiked club
              (30 damage)
             ... on level 4 of the Dungeon.
             The game lasted 00:05:55 (3305 turns).

TheGoonsmith the Firebug (GrFE)                     Turns: 3305, Time: 00:05:56

Health: -2/28      AC:  8    Str: 12    XL:     5   Next: 58%
Magic:  3/9        EV: 12    Int: 16    God:
Gold:   237        SH:  0    Dex: 10    Spells: 3 memorised, 2 levels left

rFire  . . .     SeeInvis .     n - +2 dagger (venom)
rCold  + . .     Gourm    .     a - +0 robe
rNeg   + . .     Faith    .     (no shield)
rPois  ∞         Spirit   .     (no helmet)
rElec  +         Dismiss  .     (no cloak)
rCorr  .         Reflect  .     (no gloves)
MR     .....     Harm     .     j - +1 pair of boots {Fly}
Stlth  ++........               x - amulet of magic regeneration
                                v - ring of protection from cold
                                m - ring of wizardry

@: very slightly contaminated
A: negative energy resistance 1, electricity resistance, unbreathing,
petrification resistance, rot immunity, AC +4
a: Evoke Flight


You were on level 4 of the Dungeon.
You were not hungry.

You visited 1 branch of the dungeon, and saw 4 of its levels.

You collected 237 gold pieces.

Inventory:

Hand Weapons
 d - a +0 club
 h - a +0 dagger of venom
 n - a +2 dagger of venom (weapon)
Armour
 a - a +0 robe (worn)
 j - a +1 pair of boots of flying (worn)
Jewellery
 e - an uncursed amulet of faith
 m - a ring of wizardry (left hand)
 v - a ring of protection from cold (right hand)
 x - an amulet of magic regeneration (around neck)
Scrolls
 r - a scroll of identify
Potions
 f - a potion of mutation {unknown}
 i - a potion of heal wounds {unknown}
 o - a potion of experience {unknown}
 q - a potion of brilliance {unknown}
 u - 2 potions of magic
 w - a potion of beneficial mutation {unknown}
Books
 b - a book of Flames

   Spells                             Type                      Level
   a - Flame Tongue                   Conjuration/Fire             1
   b - Throw Flame                    Conjuration/Fire             2
   c - Conjure Flame                  Conjuration/Fire             3
   d - Inner Flame                    Hexes/Fire                   3
   e - Sticky Flame                   Conjuration/Fire             4
   f - Fireball                       Conjuration/Fire             5
Comestibles
 c - 4 bread rations
 k - a meat ration
 l - 2 royal jellies


   Skills:
 - Level 1.5 Dodging
 - Level 2.1 Stealth
 + Level 3.2 Spellcasting
 * Level 3.7 Conjurations
 + Level 4.0 Fire Magic


You had 2 spell levels left.
You knew the following spells:

 Your Spells              Type           Power        Failure   Level  Hunger
a - Flame Tongue          Conj/Fire      ###..        1%          1    None
c - Conjure Flame         Conj/Fire      ###.....     4%          3    ###....
s - Sticky Flame          Conj/Fire      ###.....     16%         4    ####...


Dungeon Overview and Level Annotations

Branches:
Dungeon (4/15)
 Temple: D:4-7

Altars:


Innate Abilities, Weirdness & Mutations

You are resistant to torment.
Your stone body is resilient. (AC +4)
You are immune to poison.
You resist negative energy. (rN+)
You are resistant to electric shocks. (rElec)
You can survive without breathing.
You are immune to petrification.
You are immune to rotting.


Message History

You are very lightly contaminated with residual magic.
You are momentarily dazzled by a flash of light!
All of the chunks of flesh in your inventory have rotted away.
Casting: Flame Tongue
Confirm with . or Enter, or press ? or * to list all spells.
Aiming: Flame Tongue
Press: ? - help, Shift-Dir - straight line, f/p - ogre
Aim: an ogre, wielding a giant spiked club (moderately wounded)
The flame tongue hits the ogre.
The ogre is heavily wounded.
Casting: Flame Tongue
Confirm with . or Enter, or press ? or * to list all spells.
Aiming: Flame Tongue
Press: ? - help, Shift-Dir - straight line, f/p - ogre
Aim: an ogre, wielding a giant spiked club (heavily wounded)
The flame tongue hits the ogre.
The ogre is severely wounded.
The ogre hits you with a giant spiked club!!
Ouch! That really hurt!
You die...

#.##.##.#.# #.###.. ###
#.##.##.#.# ####......
.....#.##.##O#.#
#<#######.
(.....'.........# #....#
#. ......##.#.##.###
#....# #. ##+#.. #.#.##.#
#..... ..... #. ..#.#..#
###+#.###### #.
##.#.#.###### .. ... #
....#...O@.# .......
##########.# ####### ..#
#.# ######.# #.# ########
#......####.# #......#
#.###.......#######.####.#
#.#<..#######.....#.# #.#
#.####### #.###.#.# #.#
#.......# #.#.....# #.#


You could see an ogre.

Vanquished Creatures
  An iguana (D:4)
  A worker ant (D:4)
  4 adders
  A worm (D:3)
  A dart slug (D:3)
  4 giant geckos
  6 orcs
  4 giant cockroaches
  9 goblins
  6 hobgoblins
  9 jackals
  4 quokkas
  A ball python (D:2)
  8 bats
  3 giant newts
  5 kobolds
  3 rats
70 creatures vanquished.

Notes
Turn   | Place    | Note
-------+----------+-------------------------------------------
     0 | D:1      | TheGoonsmith the Gargoyle Fire Elementalist began the quest for the Orb.
     0 | D:1      | Reached XP level 1. HP: 10/10 MP: 3/3
   354 | D:1      | Reached XP level 2. HP: 15/15 MP: 3/5
   800 | D:1      | Reached XP level 3. HP: 19/19 MP: 2/6
  1788 | D:2      | Reached XP level 4. HP: 24/24 MP: 0/8
  2769 | D:3      | Learned a level 4 spell: Sticky Flame
  2773 | D:3      | Learned a level 3 spell: Conjure Flame
  2830 | D:3      | Reached XP level 5. HP: 28/28 MP: 7/9
  3061 | D:4      | Reached skill level 4 in Fire Magic
  3267 | D:4      | Noticed an ogre
  3305 | D:4      | Slain by an ogre

Vault maps used:
D:1:      matt_arrival_refuge, minmay_parallelograms
D:2:      first_bread
D:3:      kennysheep_the_goblin_king
D:4:      serial_shops, kennysheep_little_box

Skill      XL: |  1  2  3  4  5 |
---------------+----------------+-----
Conjurations   | 2 3 |  3.7
Spellcasting   | 3 |  3.2
Fire Magic     | 4 |  4.0
Dodging        | |  1.5
Stealth        | |  2.1

Action                   |  1- 3 |  4- 6 || total
-------------------------+-------+-------++-------
Melee: Unarmed           |     6 |       ||     6
       Dagger            |    15 |     5 ||    20
 Cast: Flame Tongue      |    60 |    90 ||   150
       Conjure Flame     |       |     1 ||     1
 Abil: Stop Flying       |       |     1 ||     1
  Use: Scroll            |       |     8 ||     8
  Eat: Chunk             |     3 |     5 ||     8
Armor: Robe              |    23 |    12 ||    35
Dodge: Dodged            |    35 |    26 ||    61
